 Dungeon Crawl Stone Soup version bcrawl-1.12-8-g964540c432 (webtiles) character file.

Game seed: 4714019495856569395

181 Roikka the Cudgeler (level 5, -5/41 HPs)
             Began as a Demonspawn Gladiator on June 6, 2019.
             Was a Follower of Wu Jian.
             Killed by divine providence
             ... invoked by an orc priest
              (12 damage)
             ... on level 3 of the Dungeon.
             The game lasted 00:07:13 (1782 turns).

Roikka the Cudgeler (Demonspawn Gladiator)          Turns: 1782, Time: 00:07:13

Health: -5/41      AC: 10    Str: 16    XL:     5   Next: 34%
Magic:  5/5        EV:  6    Int:  9    God:    Wu Jian [*.....]
Gold:   171        SH: 13    Dex: 14    Spells: 4/4 levels left

rFire    . . .     SeeInvis .   a - +0 flail
rCold    + . .     Gourm    .   x - +3 shield
rNeg     . . .     Faith    .   n - +0 chain mail
rPois    .         Spirit   .   c - +0 helmet
rElec    .         Reflect  +   A - +0 cloak
rCorr    .         Harm     .   (no gloves)
MR       .....                  (no boots)
Stlth    ..........             o - +2 amulet of reflection
HPRegen  0.13/turn              (no ring)
MPRegen  0.09/turn              (no ring)

@: no status effects
A: hooves 1, cold resistance 1, sturdy frame 1
a: Wall Jump, Renounce Religion


You were on level 3 of the Dungeon.
You worshipped Wu Jian.
Wu Jian was aware of your devotion.
You were not hungry.

You visited 1 branch of the dungeon, and saw 3 of its levels.

You collected 171 gold pieces.

Inventory:

Hand Weapons
 a - a +0 flail (weapon)
 b - a +0 blowgun
Missiles
 d - 3 throwing nets (quivered) {!f}
 v - 8 poisoned needles
Armour
 c - a +0 helmet (worn)
 n - a +0 chain mail (worn)
 x - a +3 shield (worn)
 A - a +0 cloak (worn)
Jewellery
 h - an uncursed ring of poison resistance {unknown}
 k - a cursed ring of teleportation {unknown}
 o - a +2 amulet of reflection (around neck)
Wands
 z - a wand of random effects (7)
Scrolls
 l - a scroll of magic mapping
 m - 2 scrolls of noise {unknown}
 p - 2 scrolls of remove curse {unknown}
 s - a scroll of blinking {unknown}
 t - a scroll of fog {unknown}
 w - a scroll of fear {unknown}
 y - a scroll of teleportation {unknown}
Potions
 e - a potion of magic {unknown}
 i - a potion of degeneration {unknown}
 q - 2 potions of curing {unknown}
 r - a potion of brilliance {unknown}
Comestibles
 f - 5 rations {!d}
 g - 10 chunks of flesh


   Skills:
 - Level 3.1 Fighting
 + Level 4.2 Maces & Flails
 - Level 1.7 Throwing
 - Level 1.0 Armour
 - Level 2.6 Dodging
 * Level 2.1 Shields


You had 4 spell levels left.
You didn't know any spells.
Your spell library was empty.

Dungeon Overview and Level Annotations

Branches:
Dungeon (3/12)

Altars:
Elyvilon
Hepliaklqana
Ru
Wu Jian


Innate Abilities, Weirdness & Mutations

You have large cloven feet.
Your flesh is cold resistant. (rC+)
Your movements are slightly less encumbered by armour. (ER -2)


Message History

The orc priest is lightly wounded.
You block the orc priest's attack.
Your chain mail prevents you from hitting the orc priest.
You kick the orc priest.
The orc priest is lightly wounded.
The orc priest invokes the aid of Beogh against you.
Pain shoots through your body!
You are too injured to fight recklessly!
You are too injured to fight recklessly!
You are too injured to fight recklessly!
You closely miss the orc priest.
The orc priest is lightly wounded.
The orc priest calls down the wrath of Beogh upon you.
Beogh smites you!
* * * LOW HITPOINT WARNING * * *
You hit the orc priest.
The orc priest is heavily wounded.
The orc priest mumbles some strange prayers to Beogh against you.
Beogh smites you!
You die...

##### #...# ####
*********######...############...
,,,,,,,,,....................'...
,,,*,,,**####....#######.#####...
***,,,,* #....# #.# #...
,,,,,,,**** #....# #.# ###...
***,,,,+,,* #..[@# #.# #.+..#
***,,,,**,* #...o# #.# #.#.#.
,,*,,,,**,* #....# #.# #..#..
,,,,,,,**,* #....# #.# #.#...
,,**,,,**,* #....# #.# #..#..
,,**,,,**,**#....# *,###+#.#.
,,*******,,,.....# *,#......#
,**********##....#*** *,#.......
,,,,,,,,,,,**,,,,,,.###*,#.....)รท


You could see an orc priest.

Vanquished Creatures
  Jessica (D:3)
  2 worker ants
  An adder (D:3)
  2 worms
  A dart slug (D:2)
  6 leopard geckos
  13 orcs (D:3)
  3 giant cockroaches
  7 goblins
  8 hobgoblins
  10 kobolds
  2 quokkas
  5 bats
  5 frilled lizards
  7 rats
73 creatures vanquished.

Notes
Turn   | Place    | Note
-------+----------+-------------------------------------------
     0 | D:1      | Roikka the Demonspawn Gladiator began the quest for the
                  | Orb.
     0 | D:1      | Reached XP level 1. HP: 16/16 MP: 1/1
    45 | D:1      | Reached skill level 3 in Maces & Flails
   150 | D:1      | Gained mutation: You have large cloven feet. [demonic
                  | ancestry]
   150 | D:1      | Reached XP level 2. HP: 21/22 MP: 2/2
   733 | D:2      | Gained mutation: Your flesh is cold resistant. (rC+)
                  | [demonic ancestry]
   733 | D:2      | Reached XP level 3. HP: 26/28 MP: 3/3
   815 | D:2      | Found a hazy altar of Hepliaklqana.
   815 | D:2      | Found a white marble altar of Elyvilon.
   815 | D:2      | Found an ornate altar of the Wu Jian Council.
   825 | D:2      | Became a worshipper of the Wu Jian Council
  1065 | D:2      | Reached skill level 1 in Armour
  1065 | D:2      | Gained mutation: Your movements are slightly less
                  | encumbered by armour. (ER -2) [demonic ancestry]
  1065 | D:2      | Reached XP level 4. HP: 32/34 MP: 4/4
  1399 | D:3      | Reached * piety under Wu Jian
  1441 | D:3      | Noticed Jessica
  1463 | D:3      | Killed Jessica
  1463 | D:3      | Reached skill level 4 in Maces & Flails
  1463 | D:3      | Reached skill level 1 in Shields
  1615 | D:3      | Reached XP level 5. HP: 41/41 MP: 5/5
  1715 | D:3      | Found a sacrificial altar of Ru.
  1782 | D:3      | Killed from afar by an orc priest

Skill      XL: |  1  2  3  4  5 |
---------------+----------------+-----
Maces & Flails | 3 4 |  4.2
Armour         | 1 |  1.0
Fighting       | 3 |  3.1
Shields        | 1 2 |  2.1
Throwing       | |  1.7
Dodging        | |  2.6

Action                   |  1- 3 |  4- 6 || total
-------------------------+-------+-------++-------
Melee: Flail             |   131 |    72 ||   203
       Kick              |    24 |    20 ||    44
 Fire: Blowgun           |     4 |    17 ||    21
Invok: Lunge             |     3 |    10 ||    13
       Whirlwind         |       |     1 ||     1
  Use: Scroll            |       |     5 ||     5
  Eat: Chunk             |     1 |     2 ||     3
Armor: Leather armour    |    13 |       ||    13
       Chain mail        |    66 |    28 ||    94
Dodge: Dodged            |    51 |    19 ||    70
Block: Other             |       |     3 ||     3
       Reflection        |       |     1 ||     1
       Shield            |       |    15 ||    15
